 Dungeon Crawl Stone Soup version 0.26-a0-845-gfacbca91cf (webtiles) character file.

Game seed: 12988076604975491291

85315 Kae the Brawler (level 15, -26/86 HPs)
             Began as a Tengu Transmuter on Nov 19, 2020.
             Was the Champion of Hepliaklqana.
             Annihilated by a white ugly thing (31 damage)
             ... on level 15 of the Dungeon.
             The game lasted 00:29:55 (35193 turns).

Kae the Brawler (Tengu Transmuter)                 Turns: 35193, Time: 00:29:56

Health: -26/86     AC:  6    Str: 23    XL:     15   Next: 83%
Magic:  16/20      EV: 22    Int: 14    God:    Hepliaklqana [******]
Gold:   1598       SH:  5    Dex: 14    Spells: 7/20 levels left

rFire    + . .     SeeInvis .     - Unarmed
rCold    . . .     Faith    .   (shield currently unavailable)
rNeg     . . .     Spirit   .   a - +1 robe
rPois    .         Reflect  +   (helmet restricted)
rElec    .         Harm     .   F - +2 cloak
rCorr    .         Rampage  .   (gloves currently unavailable)
MR       +....                  (boots unavailable)
Stlth    +.........             r - amulet of reflection
HPRegen  0.24/turn              t - +6 ring of strength
MPRegen  0.17/turn              k - ring of protection from fire

@: blade hands (expiring), flying quickly and evasively, quick
A: reduced essence, beak, talons 3, able to fly
a: Stop Flying, End Transformation, Recall Ancestor, Ancestor Identity,
Transference, Idealise, Renounce Religion


You were on level 15 of the Dungeon.
You worshipped Hepliaklqana.
Hepliaklqana was exalted by your worship.
You had blades for hands.
You visited 2 branches of the dungeon, and saw 21 of its levels.

You collected 1786 gold pieces.
You spent 188 gold pieces at shops.

Inventory:

Armour
 a - a +1 robe (worn)
 j - a +0 pair of gloves (melded)
 F - a +2 cloak (worn)
Jewellery
 k - a ring of protection from fire (right scythe-like blade)
 m - an uncursed ring of positive energy
 q - an uncursed ring of see invisible
 r - an amulet of reflection (around neck)
 t - a +6 ring of strength (left scythe-like blade)
 C - an uncursed ring of protection from fire
 G - an uncursed ring of protection from cold
Wands
 d - a wand of iceblast (7)
 g - a wand of random effects (63)
 h - a wand of acid (8)
 v - a wand of enslavement (2)
Scrolls
 b - a scroll of brand weapon
 i - 3 scrolls of enchant armour
 p - 2 scrolls of immolation
 s - 8 scrolls of teleportation
 w - a scroll of fog
 y - 3 scrolls of remove curse
 D - 11 scrolls of identify
 H - 2 scrolls of enchant weapon
 J - a scroll of amnesia
Potions
 c - 2 potions of berserk rage
 e - a potion of lignification
 f - 3 potions of haste
 l - a potion of invisibility
 n - 3 potions of might
 o - 3 potions of brilliance
 u - a potion of ambrosia
 x - 2 potions of cancellation
 z - a potion of magic
 A - 3 potions of mutation
 B - a potion of heal wounds
 E - 3 potions of resistance
 I - a potion of curing


   Skills:
 + Level 12.1 Fighting
 + Level 6.7 Armour
 + Level 10.1 Dodging
 * Level 17.9 Unarmed Combat
 - Level 3.0 Spellcasting
 - Level 10.2 Transmutations
 - Level 4.0 Ice Magic
 + Level 7.3 Evocations


You had 7 spell levels left.
You knew the following spells:

 Your Spells              Type           Power        Failure   Level
a - Beastly Appendage     Tmut           ####..       10%         1
b - Spider Form           Tmut/Pois      ###.......   41%         3
c - Blade Hands           Tmut           ####......   43%         5
d - Ice Form              Ice/Tmut       ###.....     50%         4

Your spell library contained the following spells:

 Spells                   Type           Power        Failure   Level
 Wereblood                Tmut           ####....     12%         2
 Ensorcelled Hibernation  Hex/Ice        #.....       54%         2
 Animate Skeleton         Necr           #.....       65%         1
 Apportation              Tloc           #.....       65%         1
 Corona                   Hex            #......      65%         1
 Foxfire                  Conj/Fire      #...         65%         1
 Magic Dart               Conj           #...         65%         1
 Summon Small Mammal      Summ           #...         65%         1
 Petrify                  Tmut/Erth      ###.....     69%         4
 Blink                    Tloc           N/A          75%         2
 Call Imp                 Summ           #.......     75%         2
 Slow                     Hex            #.......     75%         2
 Call Canine Familiar     Summ           #.......     89%         3
 Confusing Touch          Hex            #.......     89%         3
 Conjure Flame            Conj/Fire      #.......     89%         3
 Dazzling Flash           Conj/Hex       #.....       89%         3
 Gell's Gravitas          Tloc           #.........   89%         3
 Inner Flame              Hex/Fire       #.......     89%         3
 Lesser Beckoning         Tloc           #.........   89%         3
 Mephitic Cloud           Conj/Pois/Air  #.......     89%         3
 Portal Projectile        Hex/Tloc       #.....       89%         3
 Summon Guardian Golem    Hex/Summ       #.......     89%         3
 Tukima's Dance           Hex            #.......     89%         3
 Alistair's Intoxication  Tmut/Pois      ###......    91%         5
 Yara's Violent Unravell  Hex/Tmut       ###.......   91%         5
 Summon Ice Beast         Ice/Summ       #.......     95%         4
 Cause Fear               Hex            #.........   99%         4
 Leda's Liquefaction      Hex/Erth       #.........   99%         4
 Sticky Flame             Conj/Fire      #.......     99%         4
 Summon Lightning Spire   Summ/Air       #.......     99%         4
 Metabolic Englaciation   Hex/Ice        #.........   99%         5
 Bolt of Magma            Conj/Fire/Erth #.........   100%        5
 Fireball                 Conj/Fire      #.........   100%        5
 Iskenderun's Battlesphe  Conj           #.......     100%        5
 Invisibility             Hex            #.......     100%        6
 Iron Shot                Conj/Erth      #.........   100%        6
 Orb of Destruction       Conj           #.........   100%        7
 Spellforged Servitor     Conj/Summ      #.........   100%        7


Dungeon Overview and Level Annotations

Branches:
Dungeon (14/15)            Temple (0/1) D:7            Lair (6/6) D:8
  Swamp (0/4) Lair:3       Spider (0/4) Lair:4          Orc (0/2) D:10
 Vaults (0/5) D:13
  Slime: Lair:5-6

Altars:
Ashenzari
Cheibriados
Fedhas
Hepliaklqana
Makhleb
Nemelex Xobeh
Qazlal
Uskayaw
Vehumet
Xom
Zin
Beogh

Shops:
D:5 =!=(}   D:10 !*((   D:12 (

Annotations:
D:5 4 runed translucent doors, floatboth's ghost, novice TeCj
Lair:6 exclusion: 3 oklob plants


Innate Abilities, Weirdness & Mutations

You have a beak for a mouth.
You have claws for feet.
You can fly continuously.
Your life essence is reduced to manifest your ancestor. (-10% HP)


Message History

Busisiwe casts a spell at the orc knight.
The orc knight easily resists.
The warg misses you.
You slice the orc knight!!
You kill the orc knight!
You shred the warg!!!
You kill the warg!
A white ugly thing comes into view.
Things that are here:
a +1 long sword of electrocution; a +0 plate armour; an orc corpse The white ugly thing stings you!
The white ugly thing freezes you!!
* * * LOW HITPOINT WARNING * * *
You are too injured to fight recklessly!
You are too injured to fight recklessly!
You shred the white ugly thing!!! You claw the white ugly thing!
The white ugly thing is almost dead.
You hear a horrible gurgling sound!
The white ugly thing stings you!
* * * LOW HITPOINT WARNING * * *
The white ugly thing freezes you!!
You die...

.####..###..####..#
.##...............#
.##.####....#####.#
|##.# ###### #.#
.##.# #.## ....####
#####.?+ .......#
#......# .......#
#...R..## .......#
#..u@)))# (..[...#
##.##.....#
.......# #.
###...... .......#
# ....... ########
#...... ......
...... ....


You could see the friendly Busisiwe the hexer and a white ugly thing.

Vanquished Creatures
  Gastronok (D:9)
  2 entropy weavers
  Snorg (D:11)
  A fire dragon (Lair:6)
  9 hydras
  Harold (D:9)
  A catoblepas (Lair:6)
  A boulder beetle (Lair:6)
  2 centaur warriors
  Erica (D:8)
  A queen ant (Lair:4)
  5 two-headed ogres
  3 tengu warriors (D:13)
  4 skeletal warriors (D:12)
  An unseen horror (D:12)
  A wizard (D:13)
  A deep elf archer (D:13)
  2 lindwurms (Lair:6)
  An orc knight (D:15)
  2 ugly things
  A wolf spider (D:13)
  2 manticores (D:13)
  3 deep elf magi
  5 elephants (Lair:6)
  A cyclops (D:13)
  A centaur zombie (D:12)
  6 torpor snails (Lair:6)
  2 gargoyles
  17 cane toads
  2 centaur skeletons
  8 black mambas
  Maggie (D:6)
  3 rime drakes
  A kobold demonologist (D:13)
  8 komodo dragons
  A freezing wraith (D:15)
  2 efreet
  3 yaktaurs (D:15)
  3 trolls
  3 tyrant leeches (Lair:6)
  A harpy zombie (D:15)
  15 polar bears
  8 hornets
  12 blink frogs
  3 slime creatures
  5 dream sheep (Lair:4)
  2 redbacks (Lair:4)
  4 wyverns
  46 yaks
  A shadow (D:10)
  A hog (shapeshifter) (D:12)
  A wraith (D:12)
  8 basilisks
  A vampire mosquito (D:13)
  5 wargs
  2 swamp worms (Lair:3)
  An acid dragon (D:13)
  24 soldier ants
  17 hell hounds (Lair:6)
  9 water moccasins
  7 orc warriors
  8 sky beasts
  7 ice beasts
  12 black bears
  2 ogres
  2 necrophages
  3 phantoms
  26 wolves
  5 centaurs
  A big kobold (D:13)
  26 bullfrogs
  6 scorpions
  A wyvern skeleton (D:10)
  3 troll zombies (D:10)
  4 killer bees (D:10)
  5 wights
  An electric eel (Lair:3)
  2 bullfrog zombies
  5 howler monkeys
  11 hounds
  3 quasits
  9 orc priests
  10 orc wizards
  3 jellies
  6 bullfrog skeletons
  Natasha (thrice) (D:2)
  8 iguanas
  5 hell rats (Lair:3)
  31 worker ants
  5 ogre zombies (D:10)
  A worker ant zombie (D:9)
  A howler monkey zombie (D:5)
  A howler monkey skeleton (D:4)
  4 gnolls
  12 adders
  4 shadow imps
  9 white imps
  A howler monkey simulacrum (D:8)
  2 ufetubi
  2 oozes
  3 adder zombies
  2 adder skeletons
  5 worms
  4 dart slugs
  7 leopard geckos
  49 orcs
  2 ball pythons (D:4)
  A bat skeleton (D:2)
  4 giant cockroaches
  11 goblins
  4 hobgoblins
  4 jackals (D:2)
  4 quokkas
  10 bats
  5 frilled lizards
  A goblin skeleton (D:10)
  2 goblin zombies (D:10)
  2 hobgoblin skeletons (D:10)
  5 hobgoblin zombies (D:10)
  2 jackal zombies (D:2)
  7 kobolds
  2 leopard gecko skeletons (D:2)
  3 leopard gecko zombies
  An orc skeleton (D:10)
  11 orc zombies (D:10)
  A quokka skeleton (D:2)
  2 quokka zombies (D:2)
  3 rats
  A plant (Lair:6)
695 creatures vanquished.

Vanquished Creatures (collateral kills)
  A black mamba (Lair:6)
  2 cane toads
  A hornet (Lair:6)
  A basilisk (Lair:6)
  A swamp worm (Lair:3)
  An ice beast (D:8)
  2 wolves
  A bullfrog (D:9)
  A killer bee (D:10)
  A howler monkey (D:6)
  2 centaur zombies
  A hound (D:6)
  2 orc priests
  An ufetubus (D:7)
  An orc (D:9)
  2 goblins (D:8)
  2 hobgoblin zombies (D:10)
  An orc zombie (D:10)
24 creatures vanquished.

Vanquished Creatures (others)
  An eye of draining (D:12)
  12 hexers
  2 ancestors
  2 bushes (D:8)
  38 fungi
  67 plants
122 creatures vanquished.

Grand Total: 841 creatures vanquished

Notes
Turn   | Place    | Note
-------+----------+-------------------------------------------
     0 | D:1      | Kae the Tengu Transmuter began the quest for the Orb.
     0 | D:1      | Reached XP level 1. HP: 12/12 MP: 4/4
   167 | D:1      | Reached XP level 2. HP: 15/16 MP: 4/6
   977 | D:2      | Reached XP level 3. HP: 20/20 MP: 5/7
   981 | D:2      | Learned a level 3 spell: Spider Form
  1139 | D:2      | Reached skill level 4 in Unarmed Combat
  1157 | D:2      | Reached XP level 4. HP: 25/25 MP: 8/8
  1298 | D:2      | Noticed Natasha
  1313 | D:2      | Killed Natasha
  1647 | D:2      | Gained mutation: You can fly continuously. [Tengu growth]
  1647 | D:2      | Reached XP level 5. HP: 30/30 MP: 7/9
  1688 | D:2      | Found a burning altar of Makhleb.
  1688 | D:2      | Found a radiant altar of Vehumet.
  1725 | D:2      | Noticed Natasha
  1738 | D:2      | Killed Natasha
  1751 | D:2      | Noticed Natasha
  1760 | D:2      | Killed Natasha
  2634 | D:3      | Reached skill level 5 in Unarmed Combat
  2634 | D:3      | Reached XP level 6. HP: 29/35 MP: 7/11
  3417 | D:4      | Found a snail-covered altar of Cheibriados.
  3949 | D:4      | Reached XP level 7. HP: 36/40 MP: 9/12
  4095 | D:4      | Found a shimmering altar of Xom.
  4254 | D:4      | Found a hazy altar of Hepliaklqana.
  4466 | D:4      | Became a worshipper of Hepliaklqana the Forgotten
  4521 | D:5      | Entered Level 5 of the Dungeon
  4522 | D:5      | Found Qyona's Jewellery Boutique.
  4611 | D:5      | Found Tioriuse's Jewellery Shoppe.
  4614 | D:5      | Bought a cursed amulet of inaccuracy for 28 gold pieces
  4689 | D:5      | Reached skill level 6 in Unarmed Combat
  4814 | D:5      | Found Okugad's Weapon Boutique.
  4823 | D:5      | Found Jaumant's Gadget Boutique.
  4913 | D:5      | Found a glowing silver altar of Zin.
  4913 | D:5      | Noticed an angel
  4914 | D:5      | Found a runed translucent door.
  5499 | D:5      | Found Dugutete's Distillery.
  5513 | D:5      | Found a runed translucent gate.
  5515 | D:5      | Bought a potion of degeneration for 10 gold pieces
  5515 | D:5      | Bought a potion of lignification for 30 gold pieces
  5516 | D:5      | Found a runed translucent gate.
  5516 | D:5      | Found a runed translucent gate.
  5517 | D:5      | Noticed floatboth's ghost (novice TeCj)
  6074 | D:6      | Noticed Maggie
  6089 | D:6      | Killed Maggie
  6090 | D:6      | Reached skill level 7 in Unarmed Combat
  6090 | D:6      | Reached skill level 5 in Transmutations
  6090 | D:6      | Reached XP level 8. HP: 35/43 MP: 13/13
  6356 | D:6      | Reached * piety under Hepliaklqana
  6428 | D:6      | Reached skill level 8 in Unarmed Combat
  6749 | D:6      | Reached XP level 9. HP: 46/46 MP: 10/14
  6798 | D:6      | Found a blossoming altar of Fedhas.
  7205 | D:7      | Identified the +2 robe of the Eight Boll Weevils {rF- rC+
                  | Dex+2}
  7355 | D:7      | Found a staircase to the Ecumenical Temple.
  7550 | D:7      | Reached ** piety under Hepliaklqana
  7736 | D:7      | Found a broken altar of Ashenzari.
  7855 | D:7      | Reached skill level 5 in Fighting
  8191 | D:7      | Found a roughly hewn altar of Beogh.
  8553 | D:8      | Noticed Erica
  8569 | D:8      | Noticed a polar bear
  8611 | D:8      | Killed a polar bear
  8612 | D:8      | Reached skill level 9 in Unarmed Combat
  8722 | D:7      | Remembered your ancestor Busisiwe as a hexer
  8804 | D:8      | Found a staircase to the Lair.
  9081 | D:8      | Reached XP level 10. HP: 19/54 MP: 13/15
  9286 | D:8      | Reached skill level 10 in Unarmed Combat
  9930 | D:8      | Found a hide-covered altar of Uskayaw.
  9930 | D:8      | Found a sparkling altar of Nemelex Xobeh.
 10562 | D:7      | Learned a level 5 spell: Blade Hands
 10567 | D:7      | Learned a level 4 spell: Ice Form
 10593 | D:8      | Killed Erica
 10594 | D:8      | Reached skill level 11 in Unarmed Combat
 10626 | D:8      | You are sucked into a shaft and drop 3 floors!
 10627 | D:11     | Noticed Snorg
 10727 | D:11     | Noticed a two-headed ogre
 10735 | D:11     | Killed a two-headed ogre
 10782 | D:11     | Reached XP level 11. HP: 58/60 MP: 11/16
 10907 | D:11     | Noticed a red ugly thing
 10918 | D:11     | Killed a red ugly thing
 11164 | D:11     | Reached *** piety under Hepliaklqana
 11339 | D:11     | Killed Snorg
 11340 | D:11     | Reached skill level 12 in Unarmed Combat
 11465 | D:10     | Entered Level 10 of the Dungeon
 11465 | D:10     | Found Jinaas's Distillery.
 11471 | D:10     | Bought a potion of mutation for 120 gold pieces
 11516 | D:10     | Noticed a two-headed ogre
 11544 | D:10     | Killed a two-headed ogre
 11892 | D:10     | Found Guariurch's General Store.
 12012 | D:10     | Found a staircase to the Orcish Mines.
 12333 | D:10     | Found Ziogaez's Antique Weapon Emporium.
 12893 | D:10     | Found Weots's Antique Weapon Boutique.
 13133 | D:9      | Found a stormy altar of Qazlal.
 13360 | D:9      | Noticed Gastronok
 13369 | D:9      | Killed Gastronok
 13370 | D:9      | Reached skill level 13 in Unarmed Combat
 13370 | D:9      | Reached skill level 10 in Transmutations
 13370 | D:9      | Reached XP level 12. HP: 32/67 MP: 12/17
 13579 | D:9      | Reached **** piety under Hepliaklqana
 14104 | D:9      | Noticed Harold
 14688 | D:9      | Killed Harold
 15204 | Lair:1   | Entered Level 1 of the Lair of Beasts
 15360 | Lair:1   | Reached skill level 1 in Ice Magic
 15904 | Lair:1   | Reached ***** piety under Hepliaklqana
 17104 | Lair:2   | Noticed a seven-headed hydra
 17113 | Lair:2   | Killed a seven-headed hydra
 17340 | Lair:2   | Reached skill level 14 in Unarmed Combat
 17633 | Lair:2   | Noticed a seven-headed hydra
 17643 | Lair:2   | Killed a seven-headed hydra
 18573 | Lair:3   | Reached skill level 5 in Dodging
 18922 | Lair:3   | Reached XP level 13. HP: 17/72 MP: 12/18
 20349 | Lair:3   | Reached skill level 10 in Fighting
 20360 | Lair:3   | Reached skill level 15 in Unarmed Combat
 20360 | Lair:3   | Reached skill level 1 in Evocations
 20599 | Lair:3   | Found a staircase to the Swamp.
 20800 | Lair:4   | Got a steaming jade ring
 20883 | Lair:4   | Noticed an entropy weaver
 20891 | Lair:4   | Killed an entropy weaver
 21278 | Lair:3   | HP: 2/73 [poisoned by a soldier ant]
 21605 | Lair:4   | Noticed an entropy weaver
 21758 | Lair:3   | Killed an entropy weaver
 23505 | Lair:4   | Found a hole to the Spider Nest.
 23760 | Lair:4   | Reached ****** piety under Hepliaklqana
 24066 | Lair:5   | Reached XP level 14. HP: 57/79 MP: 15/19
 24139 | Lair:5   | Reached skill level 1 in Armour
 24229 | Lair:5   | Reached skill level 16 in Unarmed Combat
 25077 | Lair:6   | Entered Level 6 of the Lair of Beasts
 26279 | Lair:6   | Reached skill level 5 in Evocations
 26714 | Lair:6   | Found a runed translucent door.
 27777 | Lair:6   | HP: 1/81 [polar bear (24)]
 28195 | Lair:6   | HP: 3/97 [six-headed hydra (12)]
 29354 | Lair:6   | Reached skill level 17 in Unarmed Combat
 29457 | Lair:6   | Reached XP level 15. HP: 73/85 MP: 11/20
 29584 | Lair:6   | Reached skill level 5 in Armour
 30008 | Lair:6   | Identified the cursed ring of Enacucym {rF+ MR++ Str-4}
                  | (You found it on level 4 of the Lair of Beasts)
 31174 | D:12     | Found Uqauvvysk's Weapon Shop.
 31379 | D:12     | Found a runed translucent door.
 32173 | D:12     | Found a runed translucent door.
 33483 | D:13     | Found a gate to the Vaults.
 33830 | D:13     | Reached skill level 10 in Dodging
 34557 | D:14     | You are sucked into a shaft and drop 1 floor!
 34557 | D:15     | Entered Level 15 of the Dungeon
 35193 | D:15     | Annihilated by a white ugly thing

Illustrated notes

Levels and vault maps discovered:
D:1:      lightli_arrival_chessboard, layout_basic,
          minmay_misc_feat_four_crosses, minmay_strange_pillars, st_stairs_8
D:2:      layout_rooms, gammafunk_temple_overflow_pools, serial_undead,
          serial_undead_d, serial_undead_e, serial_undead_a, serial_undead_d,
          serial_undead_a, serial_undead_d, serial_undead_f, serial_undead_c,
          minmay_small_reverse_x, uniq_natasha
D:3:      layout_loops_ring, serial_bayou_crossing
D:4:      layout_rooms, lemuel_crystal_altar, nicolae_overflow_crystal_walls,
          tgw_xom, hex_medium
D:5:      layout_basic, serial_shops, nicolae_shop_competitors_out_of_business,
          shop_fountains, kennysheep_mini_moat, shop, shop_coins,
          gammafunk_ghost_nasty_kobolds, lemuel_angel_altar
D:6:      layout_rooms, fedhas_ov_isle_minmay, uniq_maggie
D:7:      layout_basic, marbit_many_paths, minmay_temple_entry_overgrown,
          david_defended_altar_orc
D:8:      layout_loops_ring, gammafunk_temple_overflow_statue,
          minmay_lair_entry_grove, enter_bailey_3, serial_ice, serial_ice_n,
          serial_ice_m, serial_ice_d, serial_ice_h, serial_ice_l, serial_ice_e,
          serial_ice_o, serial_ice_a, uniq_erica
D:9:      layout_stronghold, nicolae_qazlal_general_emergency, st_stairs_10,
          uniq_gastronok, uniq_harold
D:10:     layout_long_grid, zombieorc2_lemuel, serial_shops,
          nicolae_shop_crystal, nicolae_shop_competitors_out_of_business, shop,
          shop, kennysheep_generic_room_2
D:11:     layout_rooms, uniq_snorg
D:12:     cheibrodos_histonic, layout_cave_pods, serial_shops, shop
D:13:     minmay_ornate_pinched, layout_rooms, hangedman_corner_corridor
D:14:     layout_stronghold, nicolae_lava_and_water, bh_hangedman_babel_library
D:15:     gammafunk_depths_entry_grave, layout_basic, cheibriados_altar_1,
          enter_trove_0, hangedman_abyss_or_decor_stabs, hive_lemuel
Lair:1:   layout_gridlike
Lair:2:   layout_long_grid, chequers_serial_rivers_micro_e, lemuel_fruit_fields,
          grunt_megastairs_2, infiniplex_staircase_pool_2
Lair:3:   layout_roguey, palyth_hydra_swamp_entry, infiniplex_staircase_pool
Lair:4:   layout_small_grid, spider_nest_entry_funnel_web, minivault_29,
          grunt_megastairs_3
Lair:5:   layout_regular_city, grunt_megastairs_5, lemuel_fruit_tree
Lair:6:   hangedman_lair_caniforms_friends, layout_hall_layers, wormcave,
          minmay_slime_entry_oklob_open

Skill      XL: |  1  2  3  4  5  6  7  8  9 10 11 12 13 14 15 |
---------------+----------------------------------------------+-----
Transmutations | 2 3 5 7 8 10 | 10.2
Unarmed Combat | 4 5 7 8 9 11 13 14 15 17 | 17.9
Fighting       | 2 4 5 7 8 9 10 11 12 | 12.1
Spellcasting   | 3 |  3.0
Dodging        | 5 7 9 10 | 10.1
Ice Magic      | 4 |  4.0
Evocations     | 4 6 7 |  7.3
Armour         | 4 6 |  6.7

Action                   |  1- 3 |  4- 6 |  7- 9 | 10-12 | 13-15 || total
-------------------------+-------+-------+-------+-------+-------++-------
Melee: Unarmed           |    74 |   165 |   235 |   387 |   775 ||  1636
       Kick              |     8 |    29 |    30 |    80 |   168 ||   315
       Headbutt          |     7 |    13 |     6 |     1 |       ||    27
       Peck              |     3 |    16 |    17 |    42 |   117 ||   195
       Punch             |     1 |     4 |     4 |    19 |    55 ||    83
 Cast: Beastly Appendage |     9 |    21 |    12 |     1 |       ||    43
       Spider Form       |     1 |    12 |    27 |    10 |       ||    50
       Blade Hands       |       |       |       |    47 |   113 ||   160
       Ice Form          |       |       |       |     4 |     7 ||    11
Invok: Ancestor Life: He |       |       |     1 |       |       ||     1
       Recall Ancestor   |       |       |       |     6 |     2 ||     8
 Abil: Fly               |       |       |       |     1 |       ||     1
       End Transformatio |       |       |       |       |     1 ||     1
Evoke: Wand              |       |       |       |     6 |     3 ||     9
  Use: Potion            |       |     3 |     6 |     3 |     6 ||    18
       Scroll            |       |     7 |    10 |     6 |     5 ||    28
 Stab: Sleeping          |     2 |     2 |     2 |     1 |       ||     7
       Distracted        |       |       |     1 |     1 |     7 ||     9
       Confused          |       |       |       |    10 |     3 ||    13
       Petrified         |       |       |       |       |     1 ||     1
Armor: Robe              |    23 |    31 |    33 |    39 |    67 ||   193
       Skin              |     1 |     3 |    20 |     7 |     7 ||    38
Dodge: Dodged            |    57 |   152 |   193 |   275 |   573 ||  1250
Block: Other             |       |       |       |    13 |   159 ||   172
       Reflection        |       |       |       |       |     5 ||     5

Table legend: (Time is in decaauts)
 A = Elapsed time spent in this place.
 B = Non-inter-level travel time spent in this place.
 C = Inter-level travel time spent in this place.
 D = Time resting spent in this place.
 E = Time spent auto-exploring this place.
 F = Levels seen in this place.
 G = Mean time per level.
                   A        B        C        D        E       F      G
               +--------+--------+--------+--------+--------+-----+--------+
         Total |  34006 |  32823 |   1183 |   3620 |  25136 |  21 | 1619.3 |
       Dungeon |  19447 |  18601 |    846 |   1850 |  14170 |  15 | 1296.5 |
          Lair |  14558 |  14222 |    336 |   1770 |  10966 |   6 | 2426.3 |
               +--------+--------+--------+--------+--------+-----+--------+

Top non-repeatable levels by time:
  Lair:6: 3854 daAuts
  Lair:2: 2687 daAuts
  Lair:3: 2539 daAuts
    D:12: 2306 daAuts
     D:8: 2229 daAuts
  Lair:4: 2201 daAuts
  Lair:5: 2090 daAuts
     D:7: 1909 daAuts
     D:5: 1697 daAuts
     D:2: 1619 daAuts
    D:10: 1540 daAuts
     D:9: 1410 daAuts
     D:4: 1250 daAuts
    D:13: 1200 daAuts
  Lair:1: 1185 daAuts
